3L
SC STORM @ CHICAGO HAWKS
09/20/2018
 
TOP OF THE 1ST
SC Storm batting - Pitching for Chicago Hawks : RHP Kent Hubbard
Pitching: RHP Kent Hubbard
Batting: LHB Albert Morán 0-0: Ball
1-0: Called Strike
1-1: Swinging Strike
1-2: Ball
2-2: Ball
3-2: Base on Balls
Batting: RHB Jason Nicholson 0-0: Called Strike
0-1: Ball
1-1: Ball
2-1: Ground out 5-3 (Groundball, 6)
Albert Morán to second
Batting: RHB Robbie Roach 0-0: Called Strike
0-1: Ground out 6-3 (Groundball, 6)
Albert Morán to third
Batting: LHB Juan Valdéz 0-0: Ball
1-0: Called Strike
1-1: Ground out 1-3 (Groundball, 3S)
Top of the 1st over - 0 run(s), 0 hit(s), 0 error(s), 1 left on base; SC 0 - Chicago 0
BOTTOM OF THE 1ST
Chicago Hawks batting - Pitching for SC Storm : RHP Chuck Steele
Pitching: RHP Chuck Steele
Batting: LHB Motoshige Kitamura 0-0: Ball
1-0: SINGLE (Flyball, 9LS)
Batting: LHB Paul Wilson 0-0: Ball
1-0: Fly out, F8 (Flyball, 8LM)
Batting: RHB Bryan Manning 0-0: Foul Ball, location: 2F
0-1: Ball
1-1: Ball
2-1: Foul Ball, location: 2F
2-2: Ball
3-2: Fly out, F3 (Popup, 3SF)
Batting: LHB Bobby Moore 0-0: Swinging Strike
0-1: Fly out, F7 (Flyball, 7LD)
Bottom of the 1st over - 0 run(s), 1 hit(s), 0 error(s), 1 left on base; SC 0 - Chicago 0
TOP OF THE 2ND
SC Storm batting - Pitching for Chicago Hawks : RHP Kent Hubbard
Batting: LHB Denny Young 0-0: Called Strike
0-1: Swinging Strike
0-2: Ball
1-2: Ball
2-2: Fly out, F3 (Line Drive, 3L)
Batting: LHB Vern Forrest 0-0: SINGLE (Groundball, 56S)
Batting: SHB José Martínez 0-0: Ball
1-0: Foul Ball, location: 2F
1-1: Ball
2-1: Foul Ball, location: 2F
2-2: Fly out, F8 (Popup, 89S)
Batting: RHB Bobby Christopher 0-0: Called Strike
0-1: Ball
1-1: Ball
Vern Forrest steals 2nd base
2-1: Fly out, F8 (Flyball, 8RM)
Top of the 2nd over - 0 run(s), 1 hit(s), 0 error(s), 1 left on base; SC 0 - Chicago 0
BOTTOM OF THE 2ND
Chicago Hawks batting - Pitching for SC Storm : RHP Chuck Steele
Batting: RHB Jack Tucker 0-0: Swinging Strike
0-1: Ball
1-1: Foul Ball, location: 2F
1-2: Ball
2-2: Ball
3-2: Strikes out swinging
Batting: RHB Ed Whitaker 0-0: Swinging Strike
0-1: Ball
1-1: Foul Ball, location: 2F
1-2: Strikes out looking
Batting: RHB José Bravo 0-0: Swinging Strike
0-1: Swinging Strike
0-2: Ball
1-2: Foul Ball, location: 2F
1-2: Reached on error, E1 (Groundball, 15)
Batting: RHB Ted Young 0-0: Called Strike
0-1: Ball
1-1: Called Strike
1-2: SINGLE (Flyball, 78S)
José Bravo to second
Batting: LHB Kent Hubbard 0-0: Ball
1-0: Ball
2-0: Foul Ball, location: 2F
2-1: Foul Ball, location: 2F
2-2: Ground out 4-3 (Groundball, 4MS)
Bottom of the 2nd over - 0 run(s), 1 hit(s), 1 error(s), 2 left on base; SC 0 - Chicago 0
TOP OF THE 3RD
SC Storm batting - Pitching for Chicago Hawks : RHP Kent Hubbard
Batting: LHB Chuck Steele 0-0: Ground out 4-3 (Groundball, 4)
Batting: LHB Albert Morán 0-0: Called Strike
0-1: Ball
1-1: Ground out 6-3 (Groundball, 6M)
Batting: RHB Jason Nicholson 0-0: Foul Ball, location: 2F
0-1: Ball
1-1: Foul Ball, location: 2F
1-2: Ball
2-2: Ground out 6-3 (Groundball, 6M)
Top of the 3rd over - 0 run(s), 0 hit(s), 0 error(s), 0 left on base; SC 0 - Chicago 0
BOTTOM OF THE 3RD
Chicago Hawks batting - Pitching for SC Storm : RHP Chuck Steele
Batting: LHB Motoshige Kitamura 0-0: Ball
1-0: Ball
2-0: Ball
3-0: Called Strike
3-1: SINGLE (Line Drive, 4D)
Batting: LHB Paul Wilson 0-0: Called Strike
0-1: Grounds into double play, 5-4-3 (Groundball, 56)
Batting: RHB Bryan Manning 0-0: SINGLE (Line Drive, 6MD)
Batting: LHB Bobby Moore 0-0: Swinging Strike
0-1: Ball
1-1: Fly out, F6 (Popup, 6MS)
Bottom of the 3rd over - 0 run(s), 2 hit(s), 0 error(s), 1 left on base; SC 0 - Chicago 0
TOP OF THE 4TH
SC Storm batting - Pitching for Chicago Hawks : RHP Kent Hubbard
Batting: RHB Robbie Roach 0-0: Ball
1-0: Ball
2-0: Ball
3-0: Base on Balls
Batting: LHB Juan Valdéz 0-0: Ball
1-0: Ball
Robbie Roach steals 2nd base
2-0: Ball
3-0: Called Strike
3-1: Base on Balls
Batting: LHB Denny Young 0-0: Called Strike
0-1: Called Strike
0-2: Ball
1-2: Ball
2-2: SINGLE (Groundball, 4MD)
Robbie Roach to third
Juan Valdéz to second
Batting: LHB Vern Forrest 0-0: Foul Ball, location: 2F
0-1: Ball
1-1: Ball
2-1: Called Strike
2-2: SINGLE (Groundball, 6MD)
Robbie Roach scores
Juan Valdéz to third
Denny Young to second
Runner from 3rd tries for Home, SAFE, no throw or cutoff
Batting: SHB José Martínez 0-0: Ball
1-0: Ball
2-0: Fly out, F7 (Flyball, 7S)
Batting: RHB Bobby Christopher 0-0: Called Strike
0-1: Ball
1-1: Ball
2-1: SINGLE (Groundball, 56D)
Denny Young to third
Vern Forrest to second
Batting: LHB Chuck Steele 0-0: Foul Ball, location: 2F
0-1: Grounds into double play, U4-3 (Groundball, 4)
Top of the 4th over - 2 run(s), 3 hit(s), 0 error(s), 2 left on base; SC 2 - Chicago 0
BOTTOM OF THE 4TH
Chicago Hawks batting - Pitching for SC Storm : RHP Chuck Steele
Batting: RHB Jack Tucker 0-0: Ball
1-0: Called Strike
1-1: Ball
2-1: Called Strike
2-2: SINGLE (Line Drive, 89S)
Batting: RHB Ed Whitaker 0-0: Swinging Strike
0-1: Ball
1-1: Grounds into double play, 6-4-3 (Groundball, 6)
Batting: RHB José Bravo 0-0: Ground out 6-3 (Groundball, 6M)
Bottom of the 4th over - 0 run(s), 1 hit(s), 0 error(s), 0 left on base; SC 2 - Chicago 0
TOP OF THE 5TH
SC Storm batting - Pitching for Chicago Hawks : RHP Kent Hubbard
Batting: LHB Albert Morán 0-0: Ball
1-0: Swinging Strike
1-1: Ground out 4-3 (Groundball, 4M)
Batting: RHB Jason Nicholson 0-0: Ball
1-0: Ball
2-0: Called Strike
2-1: Called Strike
2-2: Foul Ball, location: 2F
2-2: Strikes out swinging
Batting: RHB Robbie Roach 0-0: Foul Ball, location: 2F
0-1: Ball
1-1: Foul Ball, location: 2F
1-2: Foul Ball, location: 2F
1-2: Fly out, F9 (Flyball, 9LDF)
Top of the 5th over - 0 run(s), 0 hit(s), 0 error(s), 0 left on base; SC 2 - Chicago 0
BOTTOM OF THE 5TH
Chicago Hawks batting - Pitching for SC Storm : RHP Chuck Steele
Batting: RHB Ted Young 0-0: Ball
1-0: Ball
2-0: Ball
3-0: Called Strike
3-1: Foul Ball, location: 2F
3-2: Fly out, F8 (Flyball, 8RM)
Batting: LHB Kent Hubbard 0-0: Ball
1-0: Swinging Strike
1-1: SOLO HOME RUN (Flyball, 9D), Distance : 346 ft
Batting: LHB Motoshige Kitamura 0-0: Ball
1-0: Ball
2-0: SINGLE (Groundball, 34D)
Batting: LHB Paul Wilson 0-0: Ball
1-0: Ball
2-0: Ball
3-0: Called Strike
3-1: SINGLE (Flyball, 7S)
Motoshige Kitamura to second
Batting: RHB Bryan Manning 0-0: Called Strike
Error on foul ball, E3
0-2: Ball
1-2: Foul Ball, location: 2F
1-2: Foul Ball, location: 2F
1-2: Ball
2-2: Ball
3-2: Base on Balls
Motoshige Kitamura to third
Paul Wilson to second
Batting: LHB Bobby Moore 0-0: Foul Ball, location: 2F
0-1: Foul Ball, location: 2F
0-2: Grounds into fielders choice 1-2 (Groundball, 15)
Paul Wilson to third
Bryan Manning to second
Batting: RHB Jack Tucker 0-0: Fly out, F9 (Flyball, 9S)
Bottom of the 5th over - 1 run(s), 3 hit(s), 1 error(s), 3 left on base; SC 2 - Chicago 1
TOP OF THE 6TH
SC Storm batting - Pitching for Chicago Hawks : RHP Kent Hubbard
Batting: LHB Juan Valdéz 0-0: Ball
1-0: Called Strike
1-1: Ball
2-1: Foul Ball, location: 2F
2-2: SINGLE (Line Drive, 8LS)
Batting: LHB Denny Young 0-0: Ball
1-0: Called Strike
1-1: Ball
2-1: Foul Ball, location: 2F
2-2: Fly out, F6 (Popup, 6MD)
Batting: LHB Vern Forrest 0-0: Ball
1-0: Called Strike
Juan Valdéz is caught stealing 2nd base
1-1: Foul Ball, location: 2F
1-2: Foul Ball, location: 2F
1-2: Ground out 6-3 (Groundball, 6)
Top of the 6th over - 0 run(s), 1 hit(s), 0 error(s), 0 left on base; SC 2 - Chicago 1
BOTTOM OF THE 6TH
Chicago Hawks batting - Pitching for SC Storm : RHP Chuck Steele
Batting: RHB Ed Whitaker 0-0: Called Strike
0-1: Foul Ball, location: 2F
0-2: Ball
1-2: Ball
2-2: Ball
3-2: Ground out 5-3 (Groundball, 5L)
Batting: RHB José Bravo 0-0: Called Strike
0-1: Ground out 5-3 (Groundball, 5)
Batting: RHB Ted Young 0-0: Ball
1-0: Called Strike
1-1: Swinging Strike
1-2: Ball
2-2: Ball
3-2: Base on Balls
Batting: LHB Kent Hubbard 0-0: Called Strike
0-1: Foul Ball, location: 2F
0-2: Strikes out swinging
Bottom of the 6th over - 0 run(s), 0 hit(s), 0 error(s), 1 left on base; SC 2 - Chicago 1
TOP OF THE 7TH
SC Storm batting - Pitching for Chicago Hawks : RHP Kent Hubbard
Batting: SHB José Martínez 0-0: Ball
1-0: SINGLE (Line Drive, 3D)
Batting: RHB Bobby Christopher 0-0: Called Strike
0-1: Foul Ball, location: 2F
0-2: Fly out, F5 (Popup, 5F)
Batting: LHB Chuck Steele 0-0: Sac Bunt - play at second, runner safe!
Batting: LHB Albert Morán 0-0: SINGLE (Line Drive, 34)
José Martínez to third
Chuck Steele to second
Runner from 3rd tries for Home, SAFE, no throw or cutoff
Batting: RHB Jason Nicholson 0-0: SINGLE (Groundball, 56S)
Chuck Steele to third
Albert Morán to second
Batting: RHB Robbie Roach 0-0: Called Strike
0-1: Called Strike
0-2: Ball
1-2: Ball
2-2: Fly out, F9 (Flyball, 9S)
2-2: Fly out, F9 (Flyball, 9S)
Batting: LHB Juan Valdéz 0-0: Fly out, F7 (Flyball, 7M)
Top of the 7th over - 1 run(s), 3 hit(s), 0 error(s), 3 left on base; SC 3 - Chicago 1
BOTTOM OF THE 7TH
Chicago Hawks batting - Pitching for SC Storm : RHP Chuck Steele
Batting: LHB Motoshige Kitamura 0-0: Foul Ball, location: 2F
0-1: Called Strike
0-2: Strikes out swinging
Batting: LHB Paul Wilson 0-0: Ball
1-0: Ground out U3 (Groundball, 3S)
Batting: RHB Bryan Manning 0-0: Ball
1-0: Ball
2-0: Ball
3-0: Base on Balls
Batting: LHB Bobby Moore 0-0: Ball
1-0: Ball
2-0: Ball
3-0: Called Strike
3-1: Called Strike
3-2: Base on Balls
Bryan Manning to second
Batting: RHB Jack Tucker 0-0: Foul Ball, location: 2F
0-1: Foul Ball, location: 2F
0-2: Ball
1-2: Foul Ball, location: 2F
1-2: Foul Ball, location: 2F
1-2: Foul Ball, location: 2F
1-2: Ball
2-2: Fielders Choice at 2nd, 6-4 (Groundball, 6)
Bottom of the 7th over - 0 run(s), 0 hit(s), 0 error(s), 1 left on base; SC 3 - Chicago 1
TOP OF THE 8TH
SC Storm batting - Pitching for Chicago Hawks : RHP Kent Hubbard
Batting: LHB Denny Young 0-0: Called Strike
0-1: Ball
1-1: Swinging Strike
1-2: Foul Ball, location: 2F
1-2: Ball
2-2: Strikes out looking
Batting: LHB Vern Forrest 0-0: Swinging Strike
0-1: Ball
1-1: Foul Ball, location: 2F
1-2: Foul Ball, location: 2F
1-2: Foul Ball, location: 2F
1-2: Ball
2-2: Foul Ball, location: 2F
2-2: Strikes out swinging
Batting: SHB José Martínez 0-0: Ground out 4-3 (Groundball, 4MS)
Top of the 8th over - 0 run(s), 0 hit(s), 0 error(s), 0 left on base; SC 3 - Chicago 1
BOTTOM OF THE 8TH
Chicago Hawks batting - Pitching for SC Storm : RHP Chuck Steele
Pitching: LHP Alexis Weaver
Batting: RHB Ed Whitaker 0-0: Ball
1-0: Ball
2-0: Ground out 5-3 (Groundball, 5)
Batting: RHB José Bravo 0-0: Ground out 5-3 (Groundball, 56)
Batting: RHB Ted Young 0-0: Ball
1-0: Ground out 4-3 (Groundball, 4)
Bottom of the 8th over - 0 run(s), 0 hit(s), 0 error(s), 0 left on base; SC 3 - Chicago 1
TOP OF THE 9TH
SC Storm batting - Pitching for Chicago Hawks : RHP Kent Hubbard
Batting: RHB Bobby Christopher 0-0: Called Strike
0-1: Called Strike
0-2: Ball
1-2: Ball
2-2: Foul Ball, location: 2F
2-2: Ball
3-2: Foul Ball, location: 2F
3-2: Strikes out looking
Pitching: RHP Alberto Salinas
Now at 3B: Mark Kennedy
Pinch Hitting: LHB Andrés Ibarra 0-0: Ball
1-0: Ground out 3-1 (Groundball, 34)
Batting: LHB Albert Morán 0-0: Foul Ball, location: 2F
0-1: Called Strike
0-2: Strikes out looking
Top of the 9th over - 0 run(s), 0 hit(s), 0 error(s), 0 left on base; SC 3 - Chicago 1
BOTTOM OF THE 9TH
Chicago Hawks batting - Pitching for SC Storm : LHP Alexis Weaver
Pitching: RHP Esteban García
Batting: SHB Mark Kennedy 0-0: Ball
1-0: Foul Ball, location: 2F
1-1: Swinging Strike
1-2: Strikes out swinging
Batting: LHB Motoshige Kitamura 0-0: DOUBLE (Line Drive, 78M)
Batting: LHB Paul Wilson 0-0: Ball
1-0: Ground out 6-3 (Groundball, 6)
Motoshige Kitamura to third
Batting: RHB Bryan Manning 0-0: Ball
1-0: Called Strike
1-1: Ball
2-1: Foul Ball, location: 2F
2-2: Ball
3-2: Foul Ball, location: 2F
3-2: Foul Ball, location: 2F
3-2: Base on Balls
Batting: LHB Bobby Moore 0-0: Ball
1-0: Ball
2-0: Ball
3-0: Called Strike
3-1: Fly out, F8 (Flyball, 8LD)
Bottom of the 9th over - 0 run(s), 1 hit(s), 0 error(s), 2 left on base; SC 3 - Chicago 1
This league is powered by Out of the Park Baseball, the baseball management simulation game for PC, Mac and Linux
Monday, May 4th, 2015 - OOTP Baseball 15.6 Build 34